AoeStats
← 哈偶纳尼

Black Forest

510474813Analyzed
4v4 RM · 3d ago on Oct 1, 2026· 34m 5s· 8 players
Game mode
Random Map
Map size
Large (8 player)
Population
200
Speed
Normal
Resources
Standard
Victory
Conquest
Starting age
Dark Age
Ending age
Imperial Age
RankedLock teamsTeams togetherTeam positionsShared explorationLock speedFull tech treeHidden civsTurbo modeCheats
Victory
Defeat
🇨🇳 Cumans · China
1316
+11
🇨🇳 Shu · China
1308
+11
🇨🇳 Italians · China
1307
+11
🇨🇳 Mongols · China
1042
+21
🇨🇳 Spanish · China
1220
-15
🇺🇸 Persians · United States
1210
-14
🇦🇷 Danes · Argentina
1189
-14
🇨🇳 Mongols · China
1137
-11
我有低保我先上
6:16 Loom
10:53 Feudal Age
15:07 Castle Age
13:41 Double-Bit Axe
14:12 Horse Collar
14:50 Gold Mining
22:24 Forging
25:48 Wheelbarrow
30:22 Hand Cart
30:18 Bow Saw
30:09 Heavy Plow
30:45 Gold Shaft Mining
30:01 Stone Mining
33:34 Imperial Age
31:11 Scale Barding Armor
34:00 Bloodlines
33:51 Husbandry
33:11 Cavalier
34:29 Iron Casting
34:14 Chain Barding Armor
33:18 Heavy Camel Rider
pity.grillo26
0:39 Loom
12:53 Feudal Age
20:43 Castle Age
21:52 Double-Bit Axe
22:47 Gold Mining
23:51 Fishing Lines
28:20 Imperial Age
27:22 Gillnets
29:53 Fletching
29:24 Crossbowman
30:16 Thumb Ring
31:50 Siege Engineers
HajimiManbo
4:46 Loom
11:40 Feudal Age
12:47 Double-Bit Axe
15:10 Castle Age
13:01 Double-Bit Axe
13:33 Horse Collar
17:41 Bow Saw
21:31 Heavy Plow
25:49 Fletching
26:00 Padded Archer Armor
25:28 Pikeman
26:08 Squires
27:06 Wheelbarrow
redwolfliu
5:54 Loom
11:50 Feudal Age
12:19 Double-Bit Axe
13:42 Horse Collar
16:17 Castle Age
14:34 Gold Mining
17:12 Wheelbarrow
17:24 Bow Saw
17:17 Heavy Plow
21:53 Stone Mining
26:32 Hand Cart
27:00 Gold Shaft Mining
29:04 Imperial Age
28:26 Fletching
29:31 Husbandry
29:42 Bloodlines
29:49 Bodkin Arrow
30:30 Conscription
29:37 Light Cavalry
31:44 Stone Shaft Mining
31:20 Scale Barding Armor
31:27 Forging
31:58 Hussar
33:03 Chain Barding Armor
XY
7:00 Loom
8:57 Feudal Age
9:36 Horse Collar
14:54 Loom
15:43 Double-Bit Axe
21:49 Castle Age
20:38 Scale Barding Armor
20:43 Forging
20:57 Bloodlines
20:45 Gold Mining
22:50 Chain Barding Armor
23:06 Iron Casting
23:16 Gold Shaft Mining
26:37 Loom
27:28 Wheelbarrow
哈偶纳尼
0:53 Loom
16:53 Feudal Age
24:37 Gold Mining
34:29 Castle Age
Great after 40mins
11:15 Feudal Age
12:55 Double-Bit Axe
17:11 Castle Age
15:32 Gold Mining
15:33 Stone Mining
16:21 Horse Collar
19:15 Bow Saw
22:37 Wheelbarrow
27:11 Gold Shaft Mining
27:15 Stone Shaft Mining
30:12 Husbandry
30:22 Bloodlines
32:52 Imperial Age
30:11 Loom
30:43 Scale Barding Armor
32:01 Forging
32:11 Chain Barding Armor
31:47 Fletching
31:58 Padded Archer Armor
33:56 Hand Cart
34:18 Iron Casting
34:08 Conscription
33:56 Elite Steppe Lancer
TwT
0:37 Loom
11:50 Feudal Age
15:34 Castle Age
21:46 Imperial Age
19:30 Double-Bit Axe
28:04 Wheelbarrow
28:13 Fishing Lines
29:52 Horse Collar
32:18 Gillnets
32:49 Crossbowman
33:36 Arbalester
34:21 Thumb Ring
Connection lost

Rejoining the realm…

Still unreachable

The connection could not be restored.

Session expired

The server has moved on; the page needs a fresh start.